 Dungeon Crawl Stone Soup version 0.28.0 (webtiles) character file.

Game seed: 4041884039430750172

5009 Hasart the Cudgeller (level 10, 0/82 HPs)
             Began as a Demigod Fighter on Feb 10, 2022.
             Slain by Erica (3 damage)
             ... on level 9 of the Dungeon.
             The game lasted 00:19:00 (11709 turns).

Hasart the Cudgeller (Demigod Fighter)             Turns: 11709, Time: 00:19:01

Health: 0/82       AC: 15    Str: 21    XL:     10   Next: 9%
Magic:  13/13      EV:  8    Int: 10    God:
Gold:   388        SH:  6    Dex: 21    Spells: 9/9 levels left

rFire   . . .      SeeInvis +   a - +1 flail (flame)
rCold   . . .      Faith    .   c - +0 buckler
rNeg    . . .      Spirit   .   y - +0 plate armour
rPois   .          Reflect  .   (no helmet)
rElec   .          Harm     .   q - +2 cloak
rCorr   .          Rampage  .   (no gloves)
Will    +....                   (no boots)
Stlth   ..........              (no amulet)
HPRegen 0.23/turn               b - ring of see invisible
MPRegen 0.13/turn               (no ring)

@: mighty, slowed, very slow
A: high MP 1, forlorn, divine attributes
a: no special abilities


You were on level 9 of the Dungeon.
You visited 1 branch of the dungeon, and saw 9 of its levels.
You also visited: Sewer and Ossuary.

You collected 388 gold pieces.

Inventory:

Hand Weapons
 a - a +1 flail of flaming (weapon)
Missiles
 l - 17 poisoned darts (quivered)
 p - 2 boomerangs
Armour
 c - a +0 buckler (worn)
 q - a +2 cloak (worn)
 y - a +0 plate armour (worn)
Jewellery
 b - a ring of see invisible (left hand)
 j - a ring of wizardry
 u - a ring of fire
Wands
 h - a wand of iceblast (4)
 s - a wand of mindburst (1)
 x - a wand of polymorph (11)
Scrolls
 e - 3 scrolls of enchant armour
 f - 5 scrolls of teleportation
 g - 2 scrolls of summoning
 i - 2 scrolls of blinking
 C - 2 scrolls of identify
Potions
 k - 4 potions of degeneration
 m - 2 potions of invisibility {unknown}
 n - 3 potions of flight
 o - 2 potions of heal wounds
 r - a potion of attraction {unknown}
 t - a potion of lignification {unknown}
 v - 2 potions of curing {unknown}
 w - a potion of mutation {unknown}
 A - 3 potions of brilliance {unknown}


   Skills:
 + Level 5.6 Fighting
 * Level 7.4 Maces & Flails
 + Level 4.5 Throwing
 + Level 5.7 Armour
 + Level 4.7 Dodging
 + Level 5.7 Shields
 + Level 4.3 Evocations


You had 9 spell levels left.
You didn't know any spells.
Your spell library was empty.

Dungeon Overview and Level Annotations

Branches:
Dungeon (9/15)             Temple (0/1) D:6            Lair (0/6) D:8
  Sewer (visited)         Ossuary (visited)
    Orc: D:9-12

Shops:
D:6 (

Annotations:
D:5 2 runed translucent doors, Turgon's ghost, amateur TrWz
D:9 Erica


Innate Abilities, Weirdness & Mutations

You have an increased reservoir of magic. (+10% MP)
You shall have no god before yourself.
Your divine heritage dramatically boosts your attributes as you level up.


Message History

You bump into the rock wall.
You feel less confused.
Erica hits you with a +1 scimitar of flaming!
Erica burns you. Erica gestures at you while chanting.
You resist with some effort.
You closely miss Erica.
Erica is lightly wounded.
You block Erica's attack.
You barely miss Erica.
Erica is lightly wounded.
Erica hits you with a +1 scimitar of flaming.
Erica burns you.
Erica hits you with a +1 scimitar of flaming!
* * * LOW HITPOINT WARNING * * *
Erica burns you.
* * * LOW HITPOINT WARNING * * *
You barely miss Erica.
Erica is lightly wounded.
You block Erica's attack.
Erica hits you with a +1 scimitar of flaming!
* * * LOW HITPOINT WARNING * * *
Erica burns you.
* * * LOW HITPOINT WARNING * * *
You barely miss Erica.
Erica is lightly wounded.
Erica barely misses you.
Unknown command.
You bludgeon Erica!! You burn Erica!
Erica is heavily wounded.
Erica hits you but does no damage.
Erica says, "I'm so much better than you."
Erica hits you with a +1 scimitar of flaming!
* * * LOW HITPOINT WARNING * * *
Erica burns you.
* * * LOW HITPOINT WARNING * * *
You bludgeon Erica!! You burn Erica!
Erica is almost dead.
Erica hits you with a +1 scimitar of flaming.
You die...

..# #.#..#..##.......#.#
#.... ..# #.###.#
#........#.###..
..###.#..#.##........#...[..
......#..###......####......
>.....#'##.....#....#......#
......[.รท...#..#....#......#
...##..######..#....'......'
...##..# #..#...(#......#
...##..# #..#@@..#......#
.......# #..#....#......#
.......######..#....#..@...#
...............######..(...#
.......######### #####..
.......# .. .......+ .......#
..##...#


You could see Erica (invisible).

Vanquished Creatures
  A cyclops (D:7)
  Prince Ribbit (D:6)
  A yak (D:9)
  A wyvern (D:8)
  A wraith (D:9)
  Grum (D:8)
  3 steam dragons
  4 water moccasins
  An ice beast (D:8)
  2 orc warriors
  A black bear (D:7)
  2 sky beasts (D:6)
  2 ogres (D:6)
  A centaur (D:6)
  2 necrophages
  4 wolves
  2 kobold brigands
  2 scorpions
  4 water moccasin zombies
  2 water moccasin skeletons (D:5)
  10 killer bees
  4 hounds
  3 jellies
  A bullfrog zombie (D:6)
  3 centaur zombies
  2 bullfrog skeletons
  A gnoll shaman (D:5)
  2 iguanas
  3 orc wizards
  2 mummies (Ossuary)
  8 gnolls
  3 adders
  A river rat (Sewer)
  8 adder zombies (Ossuary)
  3 worms
  A dart slug (D:2)
  8 orcs
  4 endoplasms
  4 goblins
  A hobgoblin (D:1)
  6 jackals
  14 kobolds
  3 quokkas
  5 ball pythons
  4 bats
  A frilled lizard (D:1)
  2 gnoll zombies (Ossuary)
  3 hobgoblin zombies (Ossuary)
  5 kobold zombies (Ossuary)
  6 orc zombies (Ossuary)
  9 rats
168 creatures vanquished.

Notes
Turn   | Place    | Note
-------+----------+-------------------------------------------
     0 | D:1      | Hasart the Demigod Fighter began the quest for the Orb.
     0 | D:1      | Reached XP level 1. HP: 18/18 MP: 3/3
   392 | D:1      | Reached skill level 2 in Maces & Flails
   616 | D:1      | Reached XP level 2. HP: 24/25 MP: 4/4
  1976 | D:2      | Reached skill level 1 in Dodging
  1976 | D:2      | Reached XP level 3. HP: 27/31 MP: 5/5
  2778 | D:3      | Noticed a scorpion
  2794 | D:3      | Killed a scorpion
  2795 | D:3      | Reached skill level 3 in Maces & Flails
  2795 | D:3      | Reached XP level 4. HP: 3/38 MP: 6/6
  3472 | D:4      | Found a glowing drain.
  3657 | Sewer    | Entered a sewer
  3665 | Sewer    | Reached XP level 5. HP: 33/45 MP: 7/7
  3817 | Sewer    | Reached skill level 1 in Throwing
  5449 | D:5      | Entered Level 5 of the Dungeon
  5481 | D:5      | Noticed a water moccasin
  5484 | D:5      | Killed a water moccasin
  5485 | D:5      | Reached XP level 6. HP: 51/51 MP: 8/8
  5838 | D:5      | Found a large runed translucent door.
  5839 | D:5      | Found a large runed translucent door.
  5855 | D:5      | Noticed Turgon's ghost (amateur TrWz)
  5862 | D:5      | Reached skill level 1 in Evocations
  5965 | D:5      | Reached skill level 4 in Maces & Flails
  6086 | D:5      | Reached XP level 7. HP: 52/58 MP: 9/9
  7073 | D:6      | Reached skill level 5 in Maces & Flails
  7073 | D:6      | Reached XP level 8. HP: 57/66 MP: 10/10
  7430 | D:6      | Noticed Prince Ribbit
  7445 | D:6      | Killed Prince Ribbit
  7625 | D:6      | Found a staircase to the Ecumenical Temple.
  8069 | D:6      | Found Vagy's Weapon Boutique.
  8216 | D:7      | Found a sand-covered staircase.
  8223 | Ossuary  | Entered an ossuary
  8767 | D:7      | Noticed a cyclops
  8773 | D:7      | Killed a cyclops
  8774 | D:7      | Reached skill level 6 in Maces & Flails
  8774 | D:7      | Reached XP level 9. HP: 67/73 MP: 11/11
  8853 | D:7      | Reached skill level 5 in Armour
  8853 | D:7      | Reached skill level 5 in Shields
  9061 | D:7      | Reached skill level 5 in Fighting
  9529 | D:8      | Noticed Grum
  9879 | D:8      | Killed Grum
 10144 | D:8      | Reached skill level 7 in Maces & Flails
 10309 | D:8      | Found a staircase to the Lair.
 10458 | D:8      | Identified the +4 dagger of Oily Indomitability {vamp,
                  | Dex+3}
 11300 | D:9      | Reached XP level 10. HP: 61/81 MP: 13/13
 11688 | D:9      | Noticed Erica
 11708 | D:9      | HP: 2/82 [Erica (3)]
 11709 | D:9      | Slain by Erica

Illustrated notes

Levels and vault maps discovered:
D:1:      heliophobic_arrival_enchanted_forest, layout_basic,
          shapermc_ecumenical_altar_mp_highgroup
D:2:      layout_basic, basic_altar
D:3:      layout_basic, serial_bayou_crossing
D:4:      layout_loops_corners, portal_sewer_entry_d
D:5:      layout_loops_ring, ebering_ghost_disaster_area
D:6:      layout_basic, minmay_temple_entry_from_below_a, serial_shops, shop,
          uniq_prince_ribbit1
D:7:      layout_rooms, nicolae_ossuary_entry_plus
D:8:      layout_loops_corners, dpeg_oklobed_lair, uniq_grum
D:9:      minmay_s_stair_smasher, layout_stronghold, david_orc_3,
          minmay_orc_keep, uniq_erica

Skill      XL: |  1  2  3  4  5  6  7  8  9 |
---------------+----------------------------+-----
Maces & Flails | 2 3 4 5 6 7 |  7.4
Fighting       | 3 4 5 |  5.6
Armour         | 3 4 5 |  5.7
Dodging        | 1 2 3 4 |  4.7
Shields        | 3 4 5 |  5.7
Throwing       | 1 2 3 4 |  4.5
Evocations     | 1 2 3 4 |  4.3

Action                   |  1- 3 |  4- 6 |  7- 9 | 10-12 || total
-------------------------+-------+-------+-------+-------++-------
Melee: Flail             |   128 |   140 |   373 |    30 ||   671
Throw: Dart              |     6 |     4 |    44 |     6 ||    60
       Boomerang         |       |       |     2 |       ||     2
Evoke: Wand              |     1 |     4 |    26 |       ||    31
  Use: Potion            |       |     1 |     1 |     1 ||     3
       Scroll            |       |     7 |     8 |       ||    15
Armor: Scale mail        |    82 |    54 |       |       ||   136
       Chain mail        |       |       |   186 |       ||   186
       Plate armour      |       |       |    11 |    13 ||    24
Dodge: Dodged            |    82 |    65 |   164 |    12 ||   323
Block: Buckler           |    32 |    44 |   106 |     8 ||   190
